 Dungeon Crawl Stone Soup version 0.31-a0-844-gdc52ec4e09 (webtiles) character file.

Game seed: 13822816089035034880

19 Bravepunisher the Ducker (level 2, -2/16 HPs)
             Began as a Spriggan Monk on Sept 28, 2023.
             Slain by a worm (9 damage)
             ... on level 3 of the Dungeon.
             The game lasted 00:01:39 (497 turns).

Bravepunisher the Ducker (Spriggan Monk)             Turns: 497, Time: 00:01:40

Health: -2/16      AC:  2    Str: 10    XL:     2   Next: 55%
Magic:  3/3        EV: 19    Int: 11    God:
Gold:   22         SH:  0    Dex: 17    Spells: 1/1 levels left

rFire   . . .        g - +7 hammer of Arrival {flame, Str+3}
rCold   . . .        (no shield)
rNeg    . . .        b - +0 robe
rPois   .            (helmet restricted)
rElec   .            (no cloak)
rCorr   .            (gloves unavailable)
SInv    +            (boots unavailable)
Will    .....        (no amulet)
Stlth   +            (no ring)
HPRegen 0.22/turn    (no ring)
MPRegen 0.08/turn

%: no passive effects
@: slow
A: very small, no large weapons, unfitting armour, see invisible, speed 3
a: no special abilities


You were on level 3 of the Dungeon.
You visited 1 branch of the dungeon, and saw 3 of its levels.

You collected 22 gold pieces.

Inventory:

Hand Weapons
 a - a +0 short sword
 g - the +7 hammer of Arrival (weapon) {flame, Str+3}
   (You found it on level 2 of the Dungeon)

   Str+3:     It affects your strength (+3).
Armour
 b - a +0 robe (worn)
Scrolls
 e - a scroll of identify {unknown}
 h - a scroll of fog {unknown}
Potions
 c - a potion of ambrosia
 d - a potion of curing {unknown}
 f - a potion of attraction {unknown}


   Skills:
 * Level 3.0 Fighting
 - Level 3.2 Short Blades
 + Level 4.4 Dodging


You had one spell level left.
You didn't know any spells.
Your spell library was empty.

Dungeon Overview and Level Annotations

Branches:
Dungeon (3/15)

Altars:

Portals:
Sewer: D:3

Annotations:
D:2 1 runed translucent door, Crazy Yiuf, Robin, Terence


Innate Abilities, Weirdness & Mutations

You are very small and have problems with some larger weapons.
You are too small for most types of armour.
You have supernaturally acute eyesight. (SInv)
You cover ground extremely quickly. (Speed+++)


Message History

A quokka is nearby!
A ball python comes into view.
Found a stone staircase leading down.
The ball python hisses angrily.
A goblin comes into view. It is wielding a +0 dagger.
The ball python barely misses you. x2
The goblin shouts!
You hit the ball python. You burn the ball python.
You kill the ball python!
Your Fighting skill increases to level 3!
You sock the goblin! You burn the goblin.
You kill the goblin!
There is a stone staircase leading down here.
Things that are here:
a +0 dagger; a goblin corpse You climb downwards.
You hear the sound of rushing water.
There is an entrance to a sewer on this level.
Hurry and find it before the portal rusts away!
There is a stone staircase leading up here.
HP restored.
A kobold comes into view. It is wielding a +0 dagger.
You hit the kobold. You burn the kobold.
You kill the kobold!
Things that are here:
a +0 dagger; 2 stones; a kobold corpse
Found a glowing drain.
A worm comes into view.
A worm is nearby!
You see here 5 gold pieces.
A worm is nearby!
You enter the shallow water.
Moving in this stuff is going to be slow.
You hear the slow rusting of a drain.
You barely miss the worm. The worm bites you!
Ouch! That really hurt!
Your unstable footing causes you to fumble your attack.
Your unstable footing causes you to fumble your attack.
The worm bites you!
Ouch! That really hurt!
You die...

#### #### ####
#...#####~~####
#..~~~~~~~....#
#~~~~w@~~.....#
##~~∩####.....##
#~~##.....##....
#~~#..$.### .###
#~ #..#.####.###
#~ #............
~~...##......####
#~....
#.......... #...#
#......#####


You could see a worm.

Vanquished Creatures
  An adder (D:2)
  A dart slug (D:1)
  3 endoplasms
  A goblin (D:2)
  A ball python (D:2)
  A kobold (D:3)
  A rat (D:2)
9 creatures vanquished.

Notes
Turn   | Place    | Note
-------+----------+-------------------------------------------
     0 | D:1      | Bravepunisher the Spriggan Monk began the quest for the
                  | Orb.
     0 | D:1      | Reached XP level 1. HP: 11/11 MP: 2/2
   157 | D:2      | Noticed Robin
   189 | D:2      | Noticed Terence
   290 | D:2      | Identified the +7 hammer of Arrival {flame, Str+3}
   320 | D:2      | Found a runed translucent door.
   321 | D:2      | Noticed Crazy Yiuf
   394 | D:2      | Reached XP level 2. HP: 9/16 MP: 3/3
   477 | D:3      | Found a glowing drain.
   497 | D:3      | Slain by a worm

Illustrated notes

Levels and vault maps discovered:
D:1:      roderic_octagonal_star, layout_rooms, ebering_ecumenical_altar_hall
D:2:      layout_loops_ring, basic_altar, st_stairs_2, uniq_crazy_yiuf_cottage,
          uniq_robin, uniq_terence
D:3:      wad_pebble_path, layout_basic, cheibrodos_sewer_entry_bend,
          gammafunk_ghost_necromancy, minmay_cut_off

Skill      XL: |  1  2 |
---------------+-------+-----
Fighting       | 3 |  3.0
Short Blades   | |  3.2
Dodging        | |  4.4

Action                     || total
---------------------------++-------
  Melee: Short sword       ||    16
         Mace              ||    10
 Armour: Robe              ||     9
  Dodge: Dodged            ||    14

Table legend: (Time is in decaauts)
 A = Elapsed time spent in this place.
 B = Non-inter-level travel time spent in this place.
 C = Inter-level travel time spent in this place.
 D = Time resting spent in this place.
 E = Time spent auto-exploring this place.
 F = Levels seen in this place.
 G = Mean time per level.
                   A        B        C        D        E       F      G
               +--------+--------+--------+--------+--------+-----+--------+
         Total |    335 |    335 |      0 |      0 |    152 |   3 |  111.7 |
       Dungeon |    335 |    335 |      0 |      0 |    152 |   3 |  111.7 |
               +--------+--------+--------+--------+--------+-----+--------+

Top non-repeatable levels by time:
     D:2: 172 daAuts
     D:1: 104 daAuts
     D:3: 58 daAuts
